 Dungeon Crawl Stone Soup version 0.17.0-73-gb648821 (webtiles) character file.

5742 Phr33k the Covered (level 11, -2/68 HPs)
             Began as a Human Chaos Knight on Dec 9, 2015.
             Slain by a spiny frog (3 damage)
             ... on level 1 of the Lair of Beasts.
             The game lasted 00:56:02 (8523 turns).

Phr33k the Covered (Human Chaos Knight)             Turns: 8523, Time: 00:56:02

Health: -2/68      AC: 26    Str: 13    XL:     11   Next: 5%
Magic:  15/15      EV:  5    Int: 14    God:    Xom [.*....]
Gold:   523        SH:  2    Dex: 16    Spells: 0 memorised, 16 levels left

rFire  . . .     SeeInvis .     p - +2 quarterstaff (chaos)
rCold  . . .     Clarity  +     b - +1 plate armour
rNeg   . . .     SustAt   .     (shield currently unavailable)
rPois  .         Gourm    .     z - +1 helmet
rElec  .         Spirit   .     q - +2 cloak {+Inv}
rCorr  .         Warding  .     i - +1 pair of gloves
rMut   .         Stasis   .     t - +1 pair of boots
MR     +....                    C - amulet of regeneration
Stlth  ..........               r - +4 ring of dexterity
                                y - ring of stealth

@: lethally poisoned (-2 -> -16), somewhat resistant to hostile enchantments,
extremely unstealthy
A: large bone plates 1, blurry vision 2, clarity, clever 1, clumsy 1, frail 2,
magic resistance 1, weak 1, no device heal 1
a: Renounce Religion, Evoke Invisibility


You were on level 1 of the Lair of Beasts.
You worshipped Xom.
You were a plaything of Xom.
You were full.

You visited 3 branches of the dungeon, and saw 11 of its levels.

You collected 523 gold pieces.

Inventory:

Hand Weapons
 p - a +2 quarterstaff of chaos (weapon)
Armour
 b - a +1 plate armour (worn)
 i - a +1 pair of gloves (worn)
 q - a +2 cloak of invisibility (worn)
 t - a +1 pair of boots (worn)
 z - a +1 helmet (worn)
Jewellery
 a - an uncursed amulet of warding
 d - an uncursed amulet of resist mutation
 f - an uncursed ring of protection from fire
 r - a +4 ring of dexterity (right hand)
 x - an uncursed ring of magical power
 y - a ring of stealth (left hand)
 C - an amulet of regeneration (around neck)
 D - an uncursed ring of magical power
 H - an uncursed ring of fire
Wands
 g - a wand of fireball (0)
 o - a wand of confusion (7)
 u - a wand of slowing (27)
 M - a wand of fireball (11)
 P - a wand of flame (15)
Scrolls
 e - 8 scrolls of teleportation
 j - a scroll of random uselessness {unknown}
 l - 2 scrolls of amnesia {unknown}
 n - 4 scrolls of remove curse
 v - 4 scrolls of enchant weapon {unknown}
 A - a scroll of recharging {unknown}
 B - a scroll of fog {unknown}
 F - 2 scrolls of fear {unknown}
 N - a scroll of immolation {unknown}
 O - 2 scrolls of noise {unknown}
Potions
 m - a potion of resistance
 s - a potion of berserk rage {unknown}
 w - 2 potions of curing
 E - a potion of haste
 G - a potion of magic {unknown}
 I - a potion of brilliance {unknown}
 K - a potion of ambrosia {unknown}
 L - a potion of cancellation {unknown}
Comestibles
 c - 2 bread rations
 h - 5 meat rations
 k - a beef jerky
 J - 5 fruits


   Skills:
 + Level 7.7 Fighting
   Level 5.4 Long Blades
 + Level 7.6 Staves
 + Level 3.5 Throwing
 + Level 7.9 Armour
 + Level 4.3 Dodging
 + Level 6.6 Stealth
 + Level 3.5 Unarmed Combat
 + Level 3.2 Spellcasting
 + Level 3.6 Evocations


You had 16 spell levels left.
You didn't know any spells.

Dungeon Overview and Level Annotations

Branches:
Dungeon (9/15)             Temple (1/1) D:4            Lair (1/8) D:9
    Orc: D:9-12

Altars:
Ashenzari
Cheibriados
Dithmenos
Elyvilon
Fedhas
Gozag
Kikubaaqudgha
Makhleb
Nemelex Xobeh
Okawaru
Qazlal
Ru
Sif Muna
Vehumet
Xom
Yredelemnul
The Shining One

Shops:
D:7 *


Innate Abilities, Weirdness & Mutations

You are partially covered in large bone plates (AC +2, SH +2).
Scrolls take you longer to read.
You possess an exceptional clarity of mind.
Your mind is acute. (Int +2)
You are clumsy. (Dex -2)
You are very frail (-20% HP).
You are resistant to hostile enchantments.
You are weak. (Str -2)
Potions and wands are less effective at restoring your health.


Message History

You closely miss the crocodile.
The crocodile is heavily wounded.
You feel sick.
The crocodile bites you but does no damage.
The spiny frog stings you but does no damage.
You closely miss the crocodile.
The crocodile is heavily wounded.
You feel sick. The crocodile bites you! The spiny frog stings you!
* * * LOW HITPOINT WARNING * * *
Really read with blurry vision while enemies are nearby?
You feel sick. The spiny frog stings you!
* * * LOW HITPOINT WARNING * * *
You are lethally poisoned!
The spiny frog poisons you!
The crocodile bites you but does no damage.
You begin reading the scroll.
You continue reading the scroll.
* * * LOW HITPOINT WARNING * * *
You feel sick. The spiny frog stings you.
You die...
Xom snickers!

##.###.## #.....[..
P........ #........
#........ #####
#........
##.#.###t.......
#.......@F......
###.##...........
#....................
#....................
#....................
#....................
#....................
#..............≈.....
#.........[...≈≈≈≈...


You could see a spiny frog and a crocodile.

Vanquished Creatures
  Erolcha (D:8)
  Pikel (D:7)
  Joseph (D:8)
  A komodo dragon (Lair:1)
  Grinder (D:6)
  Sigmund (D:4)
  2 hippogriffs
  A sky beast (D:6)
  An ice beast (D:6)
  A crocodile (D:7)
  A black bear (D:9)
  4 ogres
  A wasp (shapeshifter) (D:6)
  A centaur (D:6)
  A wyvern zombie (D:7)
  7 giant frogs
  2 scorpions (D:6)
  A centaur zombie (D:8)
  3 crimson imps
  A quasit (D:8)
  3 jellies
  A giant frog zombie (D:5)
  Crazy Yiuf (D:2)
  5 worker ants
  4 orc priests
  3 orc wizards
  A hound zombie (D:8)
  10 adders
  3 oozes
  An adder skeleton (D:5)
  8 giant geckos
  25 orcs
  2 giant cockroaches
  13 goblins
  10 hobgoblins
  8 kobolds
  6 quokkas
  A ball python (D:4)
  6 bats
  4 giant newts
  9 jackals
  7 rats
  A fungus (D:1)
165 creatures vanquished.

Vanquished Creatures (collateral kills)
  A crimson imp (D:7)
1 creature vanquished.

Vanquished Creatures (others)
  A slave (D:7)
  A human (D:4)
  An orc priest (D:3)
  2 orcs (D:7)
5 creatures vanquished.

Grand Total: 171 creatures vanquished

Notes
Turn   | Place    | Note
--------------------------------------------------------------
     0 | D:1      | Phr33k the Human Chaos Knight began the quest for the Orb.
     0 | D:1      | Reached XP level 1. HP: 18/18 MP: 1/1
   181 | D:1      | XOM: harmless Divn miscast
   346 | D:1      | XOM: mild Divn miscast
   428 | D:1      | Reached XP level 2. HP: 24/24 MP: 2/2
   564 | D:1      | XOM: silly message
  1145 | D:2      | XOM: swap monsters
  1158 | D:2      | Reached XP level 3. HP: 20/29 MP: 3/3
  1190 | D:2      | XOM: give mutations
  1190 | D:2      | Gained mutation: Scrolls take you a little longer to read. [Xom's mischief]
  1190 | D:2      | Gained mutation: Your magical capacity is low (-10% MP). [Xom's mischief]
  1190 | D:2      | Gained mutation: Your body sometimes deteriorates upon taking damage. [Xom's mischief]
  1190 | D:2      | Gained mutation: Scrolls take you longer to read. [Xom's mischief]
  1217 | D:2      | XOM: god gift: scroll of teleportation
  1360 | D:2      | XOM: harmless Hex miscast
  1456 | D:2      | Noticed Crazy Yiuf
  1463 | D:2      | Killed Crazy Yiuf
  1463 | D:2      | Reached XP level 4. HP: 28/35 MP: 3/3
  1653 | D:2      | XOM: give mutations
  1653 | D:2      | Gained mutation: Your mind is acute. (Int +2) [Xom's grace]
  1653 | D:2      | Lost mutation: Your magical capacity is low (-10% MP). [Xom's grace]
  1653 | D:2      | Gained mutation: You are resistant to hostile enchantments. [Xom's grace]
  1653 | D:2      | Gained mutation: You are partially covered in large bone plates (AC +2, SH +2). [Xom's grace]
  1708 | D:2      | XOM: 1-stop teleportation journey
  1787 | D:2      | XOM: 2-stop teleportation journey
  2161 | D:3      | XOM: enchant monster (bad)
  2269 | D:3      | XOM: enchant monster (bad)
  2273 | D:3      | XOM: medium Pois miscast
  2278 | D:3      | Reached skill level 4 in Fighting
  2278 | D:3      | Reached XP level 5. HP: 20/42 MP: 5/5
  2304 | D:3      | Reached skill level 1 in Stealth
  2482 | D:3      | XOM: give mutations
  2482 | D:3      | Lost mutation: Your body sometimes deteriorates upon taking damage. [Xom's mischief]
  2482 | D:3      | Gained mutation: You are weak. (Str -2) [Xom's mischief]
  2482 | D:3      | Gained mutation: You are frail (-10% HP). [Xom's mischief]
  2827 | D:3      | XOM: chaos cloud
  2828 | D:3      | Reached skill level 1 in Staves
  2838 | D:3      | Reached XP level 6. HP: 43/43 MP: 6/6
  2872 | D:3      | Gained mutation: You are clumsy. (Dex -2) [mutagenic glow]
  2891 | D:3      | Gained mutation: Potions and wands are less effective at restoring your health. [mutagenic glow]
  2965 | D:3      | XOM: smoke on damage
  2965 | D:3      | XOM: torment (23/43 hp)
  3372 | D:3      | XOM: colour smoke trail
  3493 | D:4      | Found an ancient bone altar of Kikubaaqudgha.
  3494 | D:4      | Noticed a human
  3496 | D:4      | Killed a human
  3595 | D:4      | Noticed Sigmund
  3596 | D:4      | XOM: silly message
  3598 | D:4      | XOM: enchant monster (good)
  3603 | D:4      | Killed Sigmund
  3603 | D:4      | Reached XP level 7. HP: 49/49 MP: 7/7
  3820 | D:4      | XOM: confuse monster(s)
  3827 | D:4      | XOM: noise
  4020 | D:4      | XOM: scenery: 1 doors open, 1 doors close
  4088 | D:4      | XOM: mild Air miscast
  4155 | D:4      | XOM: colour smoke trail
  4177 | D:4      | Found a staircase to the Ecumenical Temple.
  4186 | Temple   | Entered the Ecumenical Temple
  4518 | D:4      | XOM: give mutations
  4518 | D:4      | Gained mutation: You are very frail (-20% HP). [Xom's mischief]
  4518 | D:4      | Gained mutation: You possess an exceptional clarity of mind. [Xom's mischief]
  4730 | D:4      | XOM is BORED!
  4730 | D:4      | XOM: summons 2 hostile shadow creatures
  4766 | D:4      | Found a burning altar of Makhleb.
  4766 | D:4      | Found a shimmering altar of Xom.
  4883 | D:4      | XOM: mild Conj miscast
  5016 | D:5      | Entered Level 5 of the Dungeon
  5133 | D:5      | XOM: colour smoke trail
  5266 | D:5      | Found a shadowy altar of Dithmenos.
  5585 | D:6      | XOM: harmless Erth miscast
  5638 | D:6      | XOM: mild Hex miscast
  5640 | D:6      | XOM: silly message
  5676 | D:6      | Reached XP level 8. HP: 28/48 MP: 8/8
  5714 | D:6      | Noticed Grinder
  5722 | D:6      | XOM: cast spell 'Metabolic Englaciation'
  5732 | D:6      | Paralysed by Grinder for 3 turns
  5735 | D:6      | Killed Grinder
  5735 | D:6      | Reached skill level 5 in Fighting
  5735 | D:6      | Reached skill level 5 in Armour
  5929 | D:6      | XOM: divination: detect creatures
  5970 | D:6      | XOM: god gift: scroll labeled EGAZUBR XOWIO
  6440 | D:6      | XOM: potion effect (experience)
  6440 | D:6      | Reached skill level 6 in Fighting
  6440 | D:6      | Reached skill level 5 in Long Blades
  6440 | D:6      | Reached skill level 5 in Staves
  6440 | D:6      | Reached skill level 5 in Stealth
  6440 | D:6      | Reached XP level 9. HP: 54/56 MP: 8/13
  6466 | D:6      | Found a blossoming altar of Fedhas.
  6739 | D:6      | XOM: polymorph orc warrior -> wasp
  6743 | D:6      | Reached skill level 7 in Fighting
  6743 | D:6      | Reached XP level 10. HP: 57/63 MP: 14/14
  7041 | D:7      | XOM: confuse monster(s)
  7188 | D:7      | Noticed Pikel
  7189 | D:7      | XOM: enchant monster (good)
  7200 | D:7      | XOM: summons 2 friendly demons
  7208 | D:7      | Killed Pikel
  7235 | D:7      | XOM: summons friendly white imp
  7239 | D:7      | Found an iron altar of Okawaru.
  7261 | D:7      | XOM: mild Ice miscast
  7321 | D:7      | Found an opulent altar of Gozag.
  7322 | D:7      | Found Gozag's Platinum Reserve.
  7556 | D:8      | Found an ancient bone altar of Kikubaaqudgha.
  7574 | D:8      | Noticed Joseph
  7580 | D:8      | XOM: fog
  7588 | D:8      | XOM: confuse monster(s)
  7592 | D:8      | Killed Joseph
  7789 | D:8      | Noticed Erolcha
  7795 | D:8      | XOM: mild Pois miscast
  7796 | D:8      | XOM: butterfly on damage
  7797 | D:8      | XOM: summons 6 friendly demons
  7799 | D:8      | XOM: summons 3 friendly demons
  7812 | D:8      | XOM: fog
  7827 | D:8      | Killed Erolcha
  7847 | D:8      | XOM: summons 5 hostile demons
  7898 | D:8      | XOM: harmless Chrm miscast
  7953 | D:8      | XOM: divination: detect creatures
  7983 | D:8      | XOM: divination: detect items
  8388 | D:9      | XOM: blink monster(s)
  8429 | D:9      | Found a staircase to the Lair.
  8453 | Lair:1   | Entered Level 1 of the Lair of Beasts
  8459 | Lair:1   | Reached XP level 11. HP: 63/68 MP: 15/15
  8512 | Lair:1   | Noticed a spiny frog
  8522 | Lair:1   | HP: 3/68 [spiny frog (15)]
  8523 | Lair:1   | HP: 1/68 [poisoned by a spiny frog]
  8523 | Lair:1   | Slain by a spiny frog

Action                   |  1- 3 |  4- 6 |  7- 9 | 10-12 || total
-------------------------+-------+-------+-------+-------++-------
Melee: Falchion          |    83 |       |       |       ||    83
       Quarterstaff      |       |   150 |   209 |   217 ||   576
 Abil: Evoke Invisibilit |       |       |     1 |     2 ||     3
Evoke: Wand              |       |       |       |     3 ||     3
  Use: Scroll            |     1 |     4 |     3 |     4 ||    12
       Potion            |       |     4 |       |     7 ||    11
 Stab: Petrifying        |       |     1 |     1 |       ||     2
       Sleeping          |       |     1 |       |       ||     1
       Invisible         |       |     2 |       |     5 ||     7
       Paralysed         |       |     8 |     3 |     6 ||    17
       Confused          |       |       |       |     3 ||     3
  Eat: Bread ration      |     1 |     2 |     1 |     2 ||     6
       Meat ration       |       |       |     1 |       ||     1
       Pizza             |       |       |     1 |       ||     1
